 Dungeon Crawl Stone Soup version 0.26-a0-712-ga5a9c9c9d0 (webtiles) character file.

Game seed: 5749396947713737051

37 Apogee the Firebug (level 3, -7/19 HPs)
             Began as a Deep Elf Fire Elementalist on Nov 5, 2020.
             Mangled by an ice beast (12 damage)
             ... on level 2 of the Dungeon.
             The game lasted 00:01:58 (1739 turns).

Apogee the Firebug (Deep Elf Fire Elementalist)     Turns: 1739, Time: 00:01:58

Health: -7/19      AC:  2    Str:  6    XL:     3   Next: 23%
Magic:  2/10       EV: 13    Int: 19    God:
Gold:   96         SH:  0    Dex: 15    Spells: 8/9 levels left

rFire    . . .     SeeInvis .   c - +1 dagger (venom)
rCold    . . .     Faith    .   (no shield)
rNeg     . . .     Spirit   .   a - +0 robe
rPois    .         Reflect  .   f - +0 hat
rElec    .         Harm     .   (no cloak)
rCorr    .         Rampage  .   (no gloves)
MR       .....                  (no boots)
Stlth    ++........             (no amulet)
HPRegen  0.06/turn              (no ring)
MPRegen  0.12/turn              (no ring)

@: no status effects
A: no striking features
a: no special abilities


You were on level 2 of the Dungeon.
You visited 1 branch of the dungeon, and saw 2 of its levels.

You collected 96 gold pieces.

Inventory:

Hand Weapons
 c - a +1 dagger of venom (weapon)
   (You took it off a goblin on level 1 of the Dungeon)
Armour
 a - a +0 robe (worn)
 f - a +0 hat (worn)
   (You found it on level 1 of the Dungeon)
Jewellery
 g - an uncursed ring of poison resistance {unknown}
   (You found it on level 1 of the Dungeon)
 k - an uncursed ring of ice {unknown}
   (You found it on level 1 of the Dungeon)
Scrolls
 b - 2 scrolls of identify {unknown}
 d - a scroll of blinking {unknown}
 j - a scroll of teleportation {unknown}
Potions
 e - a potion of cancellation {unknown}
 h - a potion of brilliance {unknown}
 i - 2 potions of degeneration {unknown}


   Skills:
 - Level 2.4 Dodging
 - Level 2.4 Stealth
 + Level 3.8 Spellcasting
 + Level 2.1 Conjurations
 + Level 3.9 Fire Magic


You had 8 spell levels left.
You knew the following spells:

 Your Spells              Type           Power        Failure   Level
a - Foxfire               Conj/Fire      ###.         4%          1

Your spell library contained the following spells:

 Spells                   Type           Power        Failure   Level
 Conjure Flame            Conj/Fire      ###.....     12%         3
 Inner Flame              Hex/Fire       ##......     19%         3
 Sticky Flame             Conj/Fire      ###.....     36%         4
 Fireball                 Conj/Fire      ###.......   73%         5


Dungeon Overview and Level Annotations

Branches:
Dungeon (2/15)

Altars:


Message History

You kill the jackal!
A rat comes into view.
You conjure some foxfire!
The foxfire hits the rat.
The foxfire hits the rat.
You kill the rat!
You conjure some foxfire!
A hobgoblin comes into view. It is wielding a +0 club.
A hobgoblin is nearby!
A hobgoblin is nearby!
You conjure some foxfire!
The hobgoblin shouts!
The foxfire hits the hobgoblin.
The foxfire hits the hobgoblin!
You kill the hobgoblin!
You conjure some foxfire!
Found 5 gold pieces.
Things that are here:
a +0 club; a hobgoblin corpse You now have 96 gold pieces (gained 5).
Found 7 gold pieces.
A quokka comes into view.
Found a scroll labeled FAYWIL YNUSS.
A quokka is nearby!
A quokka is nearby!
Found a pair of boots.
An ice beast comes into view.
You conjure some foxfire!
The quokka bites you.
You conjure some foxfire!
The quokka bites you.
You conjure some foxfire!
The foxfire hits the quokka. x2
You kill the quokka!
You conjure some foxfire!
You conjure some foxfire!
The foxfire hits the ice beast but does no damage.
Unknown command.
You conjure some foxfire!
The foxfire hits the ice beast.
The ice beast melts!
The foxfire hits the ice beast.
The ice beast melts!
The foxfire hits the ice beast but does no damage.
You conjure some foxfire!
You conjure some foxfire!
The foxfire hits the ice beast!
The ice beast melts!
The foxfire hits the ice beast but does no damage.
You hit the ice beast but do no damage.
The foxfire hits the ice beast.
The ice beast melts!
The ice beast barely misses you.
You hit the ice beast but do no damage. The ice beast closely misses you.
You conjure some foxfire!
The ice beast hits you. The ice beast freezes you!
* * * LOW HITPOINT WARNING * * *
The foxfire hits the ice beast.
The ice beast hits you.
* * * LOW HITPOINT WARNING * * *
The ice beast freezes you!
Ouch! That really hurt!
You die...

#....####.##.## #.##.#
#.#.... ##+####
#(####.##### #....#
#...##.....# #...[#
###.######.# #....# #.#
#...#
####....#######)####....
........................
##...@§######.#.#.(..#
###Y.....# #.#.#.##.#
......†PP.♣♣..#.# #. #.#
....$P?.♣♣♣ ... .. #..
.......P. ....# ###
......... ....
.......... ...
.......... ...........


You could see an ice beast.

Vanquished Creatures
  An adder (D:2)
  2 dart slugs (D:1)
  3 hobgoblins
  2 jackals (D:2)
  2 kobolds (D:1)
  A quokka (D:2)
  3 bats
  4 frilled lizards (D:1)
  4 goblins (D:1)
  4 rats
26 creatures vanquished.

Vanquished Creatures (collateral kills)
  8 foxfires (D:2)
8 creatures vanquished.

Vanquished Creatures (others)
  82 foxfires
  5 plants (D:2)
87 creatures vanquished.

Grand Total: 121 creatures vanquished

Notes
Turn   | Place    | Note
-------+----------+-------------------------------------------
     0 | D:1      | Apogee the Deep Elf Fire Elementalist began the quest for
                  | the Orb.
     0 | D:1      | Reached XP level 1. HP: 10/10 MP: 6/6
   320 | D:1      | Reached XP level 2. HP: 15/15 MP: 1/8
  1619 | D:2      | Reached XP level 3. HP: 19/19 MP: 6/10
  1727 | D:2      | Noticed an ice beast
  1739 | D:2      | Mangled by an ice beast

Illustrated notes

Levels and vault maps discovered:
D:1:      evilmike_arrival_crescent, layout_basic
D:2:      layout_basic, serial_forest, infiniplex_forest_lined_2,
          infiniplex_forest_end_2, infiniplex_forest_straight_2,
          infiniplex_forest_clump_C, infiniplex_forest_lined_room_2,
          infiniplex_forest_clump_curved, infiniplex_forest_straight_2

Skill      XL: |  1  2 |
---------------+-------+-----
Conjurations   | 2 |  2.1
Dodging        | |  2.4
Stealth        | |  2.4
Spellcasting   | |  3.8
Fire Magic     | |  3.9

Action                   || total
-------------------------++-------
Melee: Dagger            ||    13
 Cast: Foxfire           ||    64
Armor: Robe              ||     4
Dodge: Dodged            ||     9

Table legend: (Time is in decaauts)
 A = Elapsed time spent in this place.
 B = Non-inter-level travel time spent in this place.
 C = Inter-level travel time spent in this place.
 D = Time resting spent in this place.
 E = Time spent auto-exploring this place.
 F = Levels seen in this place.
 G = Mean time per level.
                   A        B        C        D        E       F      G
               +--------+--------+--------+--------+--------+-----+--------+
         Total |   1738 |   1701 |     37 |      0 |   1521 |   2 |  869.0 |
       Dungeon |   1738 |   1701 |     37 |      0 |   1521 |   2 |  869.0 |
               +--------+--------+--------+--------+--------+-----+--------+

Top non-repeatable levels by time:
     D:1: 1516 daAuts
     D:2: 222 daAuts
